 Dungeon Crawl Stone Soup version 0.28.0-53-g5a82cb258f (webtiles) character file.

Game seed: 10680654559262639851

3172 Woods the Martial Artist (level 9, -2/81 HPs)
             Began as a Gnoll Transmuter on June 9, 2022.
             Was an Initiate of Ashenzari.
             Slain by a troll (5 damage)
             ... on level 8 of the Dungeon.
             The game lasted 00:13:54 (9343 turns).

Woods the Martial Artist (Gnoll Transmuter)         Turns: 9343, Time: 00:13:55

Health: -2/81      AC:  7    Str: 15    XL:     9   Next: 94%
Magic:  18/19      EV: 12    Int: 18    God:    Ashenzari [......]
Gold:   568        SH:  0    Dex: 12    Spells: 9/22 levels left

rFire   x . .      SeeInvis .     - Unarmed
rCold   + + +      Faith    .   (shield currently unavailable)
rNeg    + . .      Spirit   .   (armour currently unavailable)
rPois   +          Reflect  .   (helmet currently unavailable)
rElec   .          Harm     .   (cloak currently unavailable)
rCorr   .          Rampage  .   (gloves currently unavailable)
Will    .....                   (boots currently unavailable)
Stlth   +++.......              (no amulet)
HPRegen 0.23/turn               m - +6 ring of strength
MPRegen 0.16/turn               f - ring of positive energy

@: ice-form
A: freezing attack, amphibious, boosted hp, large, (fangs 1), strong nose,
distributed training
a: End Transformation, Renounce Religion, Curse Item


You were on level 8 of the Dungeon.
You worshipped Ashenzari.
Ashenzari was noncommittal.
You were a creature of crystalline ice.
You visited 2 branches of the dungeon, and saw 9 of its levels.
You also visited: Sewer.

You collected 568 gold pieces.

Inventory:

Armour
 a - a +0 robe
 k - a +0 cloak (melded)
 l - a +0 pair of boots (melded)
 E - +2 steam dragon scales (melded)
Jewellery
 f - a ring of positive energy (right front paw)
 m - a +6 ring of strength (left front paw)
 u - a +4 ring of protection
Wands
 j - a wand of flame (14)
 C - a wand of iceblast (20)
Scrolls
 e - a scroll of fear {unknown}
 g - 2 scrolls of blinking
 h - a scroll of summoning {unknown}
 n - 2 scrolls of fog
 p - 2 scrolls of vulnerability {unknown}
 t - 2 scrolls of brand weapon
 x - a scroll of silence {unknown}
 y - 3 scrolls of enchant weapon {unknown}
 B - a scroll of immolation {unknown}
 D - a scroll of amnesia {unknown}
 F - a scroll of magic mapping {unknown}
Potions
 b - 2 potions of ambrosia
 c - 4 potions of flight
 d - 4 potions of curing
 i - 3 potions of magic {unknown}
 o - 2 potions of degeneration
 q - 2 potions of brilliance
 r - a potion of mutation {unknown}
 s - a potion of invisibility {unknown}
 v - 4 potions of heal wounds {unknown}
 w - a potion of lignification {unknown}
 z - a potion of berserk rage {unknown}
 A - a potion of haste {unknown}


   Skills:
 + Level 5.4 Fighting
 + Level 4.7 Short Blades
 + Level 4.7 Long Blades
 + Level 4.7 Axes
 + Level 4.7 Maces & Flails
 + Level 4.7 Polearms
 + Level 4.7 Staves
 + Level 4.7 Slings
 + Level 4.7 Bows
 + Level 4.7 Crossbows
 + Level 4.7 Throwing
 + Level 4.7 Armour
 + Level 6.6 Dodging
 + Level 4.7 Stealth
 + Level 4.7 Shields
 + Level 8.1 Unarmed Combat
 + Level 7.0 Spellcasting
 + Level 3.9 Conjurations
 + Level 3.9 Hexes
 + Level 3.9 Summonings
 + Level 3.9 Necromancy
 + Level 3.9 Translocations
 + Level 5.5 Transmutations
 + Level 3.9 Fire Magic
 + Level 3.9 Ice Magic
 + Level 3.9 Air Magic
 + Level 3.9 Earth Magic
 + Level 3.9 Poison Magic
 + Level 5.2 Invocations
 + Level 4.7 Evocations


You had 9 spell levels left.
You knew the following spells:

 Your Spells              Type           Power      Damage    Failure   Level
a - Beastly Appendage     Tmut           52%        N/A       1%          1
b - Wereblood             Tmut           26%        N/A       1%          2
c - Spider Form           Tmut/Pois      23%        N/A       4%          3
d - Vampiric Draining     Necr           20%        2d7       6%          3
e - Ice Form              Ice/Tmut       23%        N/A       16%         4

Your spell library contained the following spells:

 Spells                   Type           Power      Damage    Failure   Level
 Animate Skeleton         Necr           40%        N/A       2%          1
 Pain                     Necr           80%        1d8       2%          1
 Summon Small Mammal      Summ           80%        N/A       2%          1
 Corpse Rot               Necr/Air       40%        N/A       3%          2
 Call Canine Familiar     Summ           20%        N/A       6%          3
 Summon Guardian Golem    Hex/Summ       20%        N/A       6%          3
 Dispel Undead            Necr           20%        3d11      22%         4
 Death Channel            Necr           10%        N/A       97%         6


Dungeon Overview and Level Annotations

Branches:
Dungeon (8/15)             Temple (1/1) D:6           Sewer (visited)
   Lair: D:8-11

Altars:
Ashenzari
Cheibriados
Elyvilon
Fedhas
Gozag
Kikubaaqudgha
Nemelex Xobeh
Ru
Vehumet
Wu Jian
Yredelemnul


Innate Abilities, Weirdness & Mutations

You are a creature of crystalline ice.
You have a powerful freezing melee attack.
You are amphibious.
Your maximum health is increased.
Your armour is entirely melded.
You are incapable of wielding weapons or throwing items.
((You have very sharp teeth.))
Your uncanny sense of smell can sniff out nearby items.
Your experience applies equally to all skills.


Message History

The hound bites you.
You punch the hound! You freeze the hound.
You kill the hound!
Your Spellcasting skill increases to level 7!
No target in view!
Things that are here:
a +0 dagger; an orc corpse A bullfrog comes into view.
The bullfrog moves out of view.
You now have 568 gold pieces (gained 22).
A hound comes into view.
A troll comes into view.
Things that are here:
a +0 dagger; an orc corpse You hit the troll.
You freeze the troll.
The troll is lightly wounded.
The troll bites you! The troll claws you! x2
You barely miss the troll.
The troll is lightly wounded.
The troll bites you. The troll claws you but does no damage.
The troll claws you!
You pummel the troll!! You freeze the troll.
The troll is severely wounded.
You barely miss the troll.
The troll is severely wounded.
The troll closely misses you. The troll barely misses you.
The troll closely misses you.
You barely miss the troll.
The troll is severely wounded.
The troll bites you!
* * * LOW HITPOINT WARNING * * *
The troll claws you!
* * * LOW HITPOINT WARNING * * *
The troll claws you!
* * * LOW HITPOINT WARNING * * *
You hit the troll. You freeze the troll.
The troll is severely wounded.
The troll bites you.
* * * LOW HITPOINT WARNING * * *
The troll claws you but does no damage. The troll claws you.
You die...

#.#... ># ....#
..# #...# ..###
#...# ....
#...# ##..##
#...###....# .
#...##...<.#...
#...YT.......#
#..###.<.#.###
#..# ##.##
##..# #.#
######...# #(#
........## #.#
##.<# #.#
...............
≈.o.≈.≈........


You could see a troll.

Vanquished Creatures
  Maggie (D:7)
  5 yaks (D:6)
  Duvessa (D:7)
  An orc warrior (D:7)
  3 black bears
  A sky beast (D:7)
  A necrophage (D:5)
  3 ogres
  2 centaurs
  A phantom (D:4)
  A scorpion (D:6)
  Dowan (D:7)
  5 wights (D:6)
  A bullfrog zombie (D:5)
  A jelly (D:5)
  2 hounds
  Crazy Yiuf (D:2)
  An orc priest (D:7)
  2 bullfrog skeletons
  2 iguanas
  A scorpion zombie (D:5)
  A howler monkey zombie (D:7)
  10 gnolls
  14 adders
  3 river rats (Sewer)
  2 white imps (D:6)
  4 worms
  9 orcs
  13 ball pythons
  5 endoplasms
  7 giant cockroaches
  10 hobgoblins
  9 jackals
  7 quokkas
  19 bats
  8 frilled lizards
  10 goblins
  13 kobolds
  8 rats
189 creatures vanquished.

Notes
Turn   | Place    | Note
-------+----------+-------------------------------------------
     0 | D:1      | Woods the Gnoll Transmuter began the quest for the Orb.
     0 | D:1      | Reached XP level 1. HP: 17/17 MP: 6/6
   291 | D:1      | Reached XP level 2. HP: 22/23 MP: 5/7
   294 | D:1      | Learned a level 2 spell: Wereblood
   310 | D:1      | Found a faded altar of an unknown god.
   942 | D:1      | Reached XP level 3. HP: 28/28 MP: 5/9
   945 | D:1      | Reached skill level 5 in Spellcasting
  1133 | D:2      | Learned a level 3 spell: Spider Form
  1221 | D:2      | Reached skill level 1 in Invocations
  1477 | D:2      | Reached skill level 1 in Short Blades
  1477 | D:2      | Reached skill level 1 in Long Blades
  1477 | D:2      | Reached skill level 1 in Axes
  1477 | D:2      | Reached skill level 1 in Maces & Flails
  1477 | D:2      | Reached skill level 1 in Polearms
  1477 | D:2      | Reached skill level 1 in Staves
  1477 | D:2      | Reached skill level 1 in Slings
  1477 | D:2      | Reached skill level 1 in Bows
  1477 | D:2      | Reached skill level 1 in Crossbows
  1477 | D:2      | Reached skill level 1 in Throwing
  1477 | D:2      | Reached skill level 1 in Armour
  1477 | D:2      | Reached skill level 1 in Stealth
  1477 | D:2      | Reached skill level 1 in Shields
  1477 | D:2      | Reached skill level 1 in Evocations
  1477 | D:2      | Reached XP level 4. HP: 5/34 MP: 9/11
  2262 | D:2      | Found a runed translucent door.
  2263 | D:2      | Noticed Crazy Yiuf
  2276 | D:2      | Killed Crazy Yiuf
  2277 | D:2      | Reached skill level 1 in Conjurations
  2277 | D:2      | Reached skill level 1 in Hexes
  2277 | D:2      | Reached skill level 1 in Summonings
  2277 | D:2      | Reached skill level 1 in Necromancy
  2277 | D:2      | Reached skill level 1 in Translocations
  2277 | D:2      | Reached skill level 1 in Fire Magic
  2277 | D:2      | Reached skill level 1 in Ice Magic
  2277 | D:2      | Reached skill level 1 in Air Magic
  2277 | D:2      | Reached skill level 1 in Earth Magic
  2277 | D:2      | Reached skill level 1 in Poison Magic
  2359 | D:3      | Reached XP level 5. HP: 38/40 MP: 12/12
  2659 | D:3      | Noticed a black bear
  2905 | D:3      | Killed a black bear
  2906 | D:3      | Reached XP level 6. HP: 43/47 MP: 10/13
  3302 | D:4      | Reached skill level 5 in Dodging
  3693 | D:4      | Noticed a two-headed ogre
  4154 | D:4      | Reached XP level 7. HP: 52/52 MP: 13/15
  4199 | D:4      | Reached skill level 7 in Unarmed Combat
  4655 | D:5      | Entered Level 5 of the Dungeon
  5120 | D:5      | Found a basalt altar of Yredelemnul.
  5120 | D:5      | Found a sacrificial altar of Ru.
  5300 | D:5      | Reached XP level 8. HP: 51/60 MP: 12/16
  5405 | D:6      | Noticed a yak
  5406 | D:6      | Noticed a yak
  5407 | D:6      | Noticed a yak
  5576 | D:6      | Found a staircase to the Ecumenical Temple.
  5588 | Temple   | Entered the Ecumenical Temple
  5594 | Temple   | Became a worshipper of Ashenzari the Shackled
  5763 | D:6      | Found a glowing drain.
  5804 | Sewer    | Entered a sewer
  6848 | D:6      | Noticed a yak
  7251 | D:6      | Noticed a yak
  7271 | D:6      | Killed a yak
  7272 | D:6      | Reached skill level 5 in Transmutations
  7272 | D:6      | Reached XP level 9. HP: 60/66 MP: 18/18
  7295 | D:6      | Reached skill level 5 in Fighting
  7885 | D:7      | Noticed Duvessa
  7887 | D:7      | Noticed Dowan
  7903 | D:7      | Killed Duvessa
  8109 | D:7      | Killed Dowan
  8224 | D:7      | Reached skill level 8 in Unarmed Combat
  8437 | D:7      | Noticed Maggie
  8454 | D:6      | Learned a level 3 spell: Vampiric Draining
  8459 | D:6      | Learned a level 4 spell: Ice Form
  8531 | D:7      | Found an opulent altar of Gozag.
  8664 | D:7      | Reached skill level 5 in Invocations
  8679 | D:7      | Killed Maggie
  9332 | D:8      | Noticed a troll
  9343 | D:8      | HP: 3/81 [troll (5)]
  9343 | D:8      | Slain by a troll

Illustrated notes

Levels and vault maps discovered:
D:1:      mainiacjoe_arrival_reflecting_pool, layout_basic,
          hellmonk_ecumenical_altar_arch_garden
D:2:      layout_rooms, minmay_quadrilaterals, uniq_crazy_yiuf_cottage
D:3:      layout_rooms
D:4:      layout_loops_cross, grunt_ministairs_12, minmay_cut_off
D:5:      layout_rooms, gammafunk_temple_overflow_statue
D:6:      layout_cave_pods, temple_pool_b, portal_sewer_entry_f,
          roderic_lattice_a
D:7:      layout_loops_ring, amcnicky_altar_gilded, uniq_maggie, uniq_duvessa
D:8:      layout_loops_ring, erik_lair_island
Temple:   eino_narrow_crystal_temple

Skill      XL: |  1  2  3  4  5  6  7  8  9 |
---------------+----------------------------+-----
Spellcasting   | 5 6 7 |  7.0
Invocations    | 1 2 3 4 5 |  5.2
Short Blades   | 1 2 3 4 |  4.7
Long Blades    | 1 2 3 4 |  4.7
Axes           | 1 2 3 4 |  4.7
Maces & Flails | 1 2 3 4 |  4.7
Polearms       | 1 2 3 4 |  4.7
Staves         | 1 2 3 4 |  4.7
Slings         | 1 2 3 4 |  4.7
Bows           | 1 2 3 4 |  4.7
Crossbows      | 1 2 3 4 |  4.7
Throwing       | 1 2 3 4 |  4.7
Armour         | 1 2 3 4 |  4.7
Stealth        | 1 2 3 4 |  4.7
Shields        | 1 2 3 4 |  4.7
Evocations     | 1 2 3 4 |  4.7
Conjurations   | 1 2 3 |  3.9
Hexes          | 1 2 3 |  3.9
Summonings     | 1 2 3 |  3.9
Necromancy     | 1 2 3 |  3.9
Translocations | 1 2 3 |  3.9
Fire Magic     | 1 2 3 |  3.9
Ice Magic      | 1 2 3 |  3.9
Air Magic      | 1 2 3 |  3.9
Earth Magic    | 1 2 3 |  3.9
Poison Magic   | 1 2 3 |  3.9
Fighting       | 3 4 5 |  5.4
Transmutations | 4 5 |  5.5
Dodging        | 5 6 |  6.6
Unarmed Combat | 7 8 |  8.1

Action                   |  1- 3 |  4- 6 |  7- 9 || total
-------------------------+-------+-------+-------++-------
Melee: Unarmed           |    91 |   120 |   321 ||   532
       Kick              |    16 |     4 |     2 ||    22
       Bite              |     2 |     2 |     2 ||     6
       Headbutt          |     4 |     5 |     2 ||    11
       Punch             |     2 |     2 |     2 ||     6
 Cast: Beastly Appendage |    19 |    10 |     2 ||    31
       Wereblood         |     3 |       |     1 ||     4
       Spider Form       |       |    17 |    45 ||    62
       Ice Form          |       |       |     2 ||     2
 Abil: End Transformatio |       |     1 |     2 ||     3
  Use: Potion            |       |     1 |       ||     1
       Scroll            |       |       |     6 ||     6
 Stab: Sleeping          |     1 |     3 |     4 ||     8
Armor: Robe              |    13 |     7 |     1 ||    21
       Skin              |       |     7 |    15 ||    22
Dodge: Dodged            |    56 |   106 |   287 ||   449
